 Dungeon Crawl Stone Soup version 0.22.1-5-g62c59d9 (webtiles) character file.

910 Fang the Chopper (level 8, -3/50 HPs)
             Began as a Gargoyle Berserker on Jan 11, 2019.
             Was a Priest of Trog.
             Slain by Sigmund
             ... wielding a +0 scythe
              (7 damage)
             ... on level 5 of the Dungeon.
             The game lasted 00:06:06 (4443 turns).

Fang the Chopper (Gargoyle Berserker)               Turns: 4443, Time: 00:06:07

Health: -3/50      AC: 10    Str: 23    XL:     8   Next: 8%
Magic:  8/8        EV: 13    Int:  8    God:    Trog [***...]
Gold:   277        SH:  0    Dex:  9    Spells: 7/7 levels left

rFire    . . .     SeeInvis .   k - +0 war axe
rCold    . . .     Gourm    .   (no shield)
rNeg     + . .     Faith    .   b - +0 animal skin
rPois    ∞         Spirit   .   (no helmet)
rElec    +         Reflect  .   p - +2 cloak {MR+}
rCorr    .         Harm     .   (no gloves)
MR       +....                  (no boots)
Stlth    +.........             (no amulet)
HPRegen  0.16/turn              (no ring)
MPRegen  0.11/turn              (no ring)

@: berserk cooldown, slowed, very slow
A: negative energy resistance 1, electricity resistance, unbreathing,
petrification resistance, rot immunity, AC +5
a: Berserk, Trog's Hand, Renounce Religion


You were on level 5 of the Dungeon.
You worshipped Trog.
Trog was most pleased with you.
You were near starving.

You visited 2 branches of the dungeon, and saw 6 of its levels.

You collected 277 gold pieces.

Inventory:

Hand Weapons
 k - a +0 war axe (weapon)
Armour
 b - a +0 animal skin (worn)
 p - a +2 cloak of magic resistance (worn)
Jewellery
 t - an uncursed ring of see invisible {unknown}
Scrolls
 a - a scroll of enchant armour {unknown}
 d - a scroll of fear {unknown}
 e - a scroll of amnesia {unknown}
 g - 5 scrolls of teleportation {unknown}
 h - 3 scrolls of identify {unknown}
 j - 3 scrolls of remove curse {unknown}
 q - a scroll of magic mapping {unknown}
Potions
 f - a potion of degeneration {unknown}
 i - a potion of mutation {unknown}
 l - a potion of haste {unknown}
 m - a potion of might {unknown}
 n - 2 potions of flight {unknown}
 o - a potion of magic {unknown}
 r - 2 potions of curing {unknown}
 s - a potion of invisibility {unknown}
 u - a potion of heal wounds
Comestibles
 c - 8 rations


   Skills:
 + Level 5.5 Fighting
 + Level 6.9 Axes
 + Level 2.2 Armour
 + Level 3.2 Dodging
 + Level 1.4 Stealth


You had 7 spell levels left.
You didn't know any spells.
Your spell library was empty.

Dungeon Overview and Level Annotations

Branches:
Dungeon (5/15)             Temple (1/1) D:5

Altars:
Hepliaklqana

Annotations:
D:5 Sigmund


Innate Abilities, Weirdness & Mutations

You are resistant to torment.
Your stone body is resilient. (AC +5)
You are immune to poison.
You resist negative energy. (rN+)
You are resistant to electric shocks. (rElec)
You can survive without breathing.
You are immune to petrification.
You are immune to rotting.


Message History

You swing at nothing.
You feel a strong urge to attack something.
You swing at nothing.
You swing at nothing.
You feel your anger nearly subside. Something hits you but does no damage.
You swing at nothing.
You are no longer berserk.
You are exhausted.
You feel yourself slow down.
You swing at nothing.
Something hits you.
* * * LOW HITPOINT WARNING * * *
You hear some strange, mumbled words.
Something tries to affect you, but you resist.
You swing at nothing.
Something hits you.
* * * LOW HITPOINT WARNING * * *
You swing at nothing.
Something hits you.
* * * LOW HITPOINT WARNING * * *
You swing at nothing.
Something hits you!
You die...

#...#..#
##...#..#
......... .#
........# #.#
........# #.# [#
........#
#.##.###
.#......#
#.#....
#......####.#..#
#......@....#..#
####.#.........#
#...........#
#########.#.#
#.#.# #.#.# #.#
#.#.# #.# #...#
#.# #.###


There were no monsters in sight!

Vanquished Creatures
  Grinder (D:4)
  Eustachio (D:5)
  Duvessa (D:5)
  A scorpion (D:4)
  Dowan (D:5)
  Crazy Yiuf (D:2)
  3 orc wizards (D:4)
  2 worker ants
  3 gnolls (D:3)
  10 adders
  An ooze (D:4)
  An adder skeleton (D:4)
  6 worms
  2 dart slugs
  6 leopard geckos
  6 orcs (D:4)
  8 bats
  5 giant cockroaches
  14 goblins
  10 hobgoblins
  A quokka (D:3)
  A ball python (D:2)
  4 frilled lizards
  6 kobolds
  4 rats
99 creatures vanquished.

Notes
Turn   | Place    | Note
-------+----------+-------------------------------------------
     0 | D:1      | Fang the Gargoyle Berserker began the quest for the Orb.
     0 | D:1      | Reached XP level 1. HP: 14/14 MP: 1/1
    55 | D:1      | Reached XP level 2. HP: 13/19 MP: 2/2
   170 | D:1      | Reached skill level 3 in Axes
   260 | D:1      | Reached XP level 3. HP: 7/24 MP: 3/3
   880 | D:2      | Reached ** piety under Trog
   896 | D:2      | Reached XP level 4. HP: 19/29 MP: 4/4
  1491 | D:2      | Reached XP level 5. HP: 32/33 MP: 5/5
  1499 | D:2      | Reached skill level 4 in Axes
  1616 | D:2      | Found a runed door.
  1805 | D:2      | Noticed Crazy Yiuf
  1809 | D:2      | Killed Crazy Yiuf
  2851 | D:3      | Reached XP level 6. HP: 39/39 MP: 6/6
  3135 | D:4      | Reached *** piety under Trog
  3135 | D:4      | Reached skill level 5 in Axes
  3157 | D:4      | Noticed Grinder
  3193 | D:4      | Killed Grinder
  3193 | D:4      | Reached skill level 5 in Fighting
  3193 | D:4      | Reached skill level 6 in Axes
  3193 | D:4      | Reached skill level 1 in Stealth
  3193 | D:4      | Reached XP level 7. HP: 10/44 MP: 7/7
  3711 | D:4      | Noticed Eustachio
  3749 | D:5      | Entered Level 5 of the Dungeon
  3754 | D:5      | HP: 2/44 [ufetubus[Eustachio] (4)]
  4109 | D:5      | Killed Eustachio
  4190 | D:5      | Found a staircase to the Ecumenical Temple.
  4221 | Temple   | Entered the Ecumenical Temple
  4261 | D:5      | Noticed Dowan
  4263 | D:5      | Noticed Duvessa
  4270 | D:5      | Killed Dowan
  4277 | D:5      | Killed Duvessa
  4277 | D:5      | Reached XP level 8. HP: 50/50 MP: 8/8
  4407 | D:5      | Noticed Sigmund
  4443 | D:5      | Slain by Sigmund

Skill      XL: |  1  2  3  4  5  6  7 |
---------------+----------------------+-----
Axes           | 3 4 6 |  6.9
Fighting       | 4 5 |  5.5
Dodging        | 2 3 |  3.2
Stealth        | 1 |  1.4
Armour         | |  2.2

Action                   |  1- 3 |  4- 6 |  7- 9 || total
-------------------------+-------+-------+-------++-------
Melee: Hand axe          |    89 |    33 |       ||   122
       War axe           |       |   157 |    58 ||   215
Invok: Berserk           |       |     4 |     4 ||     8
 Stab: Sleeping          |       |     1 |       ||     1
  Eat: Chunk             |       |    10 |     4 ||    14
       Ration            |       |       |     1 ||     1
Armor: Animal skin       |    40 |    76 |    48 ||   164
Dodge: Dodged            |    75 |   141 |    50 ||   266
